 Dungeon Crawl Stone Soup version 0.25.1-2-g60ff931df9 (webtiles) character file.

Game seed: 16109116022502921666

759 Doot the Chiller (level 7, 0/51 HPs)
             Began as a Purple Draconian Ice Elementalist on Sept 5, 2020.
             Was an Initiate of Sif Muna.
             Slain by a sky beast (6 damage)
             ... on level 5 of the Dungeon.
             The game lasted 00:09:30 (4990 turns).

Doot the Chiller (DrIE)                             Turns: 4990, Time: 00:09:31

Health: 0/51       AC:  6    Str: 11    XL:     7   Next: 50%
Magic:  8/15       EV: 12    Int: 17    God:    Sif Muna [......]
Gold:   217        SH:  0    Dex: 11    Spells: 6/17 levels left

rFire    . . .     SeeInvis .   u - +1 dagger (venom)
rCold    . . .     Gourm    .   (no shield)
rNeg     . . .     Faith    .   (armour unavailable)
rPois    .         Spirit   .   (helmet restricted)
rElec    .         Reflect  .   (no cloak)
rCorr    .         Harm     .   (no gloves)
MR       +....                  (no boots)
Stlth    ++........             t - amulet of inaccuracy (curse)
HPRegen  0.17/turn              (no ring)
MPRegen  0.14/turn              (no ring)

@: short of breath
A: breathe power, unfitting armour, cold-blooded, AC +6
a: Breathe Dispelling Energy, Renounce Religion


You were on level 5 of the Dungeon.
You worshipped Sif Muna.
Sif Muna was noncommittal.
You were not hungry.

You visited 2 branches of the dungeon, and saw 7 of its levels.

You collected 217 gold pieces.

Inventory:

Hand Weapons
 e - a cursed -1 club
 f - a +0 club
 g - a +0 mace
 u - a +1 dagger of venom (weapon)
Jewellery
 t - a cursed amulet of inaccuracy (around neck)
Wands
 c - a wand of paralysis (9)
 o - a wand of digging (6)
 x - a wand of disintegration (17)
Scrolls
 h - 3 scrolls of identify
 i - 5 scrolls of teleportation
 k - a scroll of immolation {unknown}
 r - a scroll of enchant weapon {unknown}
 v - a scroll of remove curse {unknown}
 w - a scroll of fear {unknown}
Potions
 a - a potion of haste {unknown}
 d - 2 potions of degeneration {unknown}
 j - a potion of ambrosia {unknown}
 l - 2 potions of flight {unknown}
 m - a potion of cancellation {unknown}
 n - 4 potions of stabbing {unknown}
 p - 4 potions of curing {unknown}
 q - 2 potions of resistance {unknown}
Comestibles
 b - 8 rations
 s - a chunk of flesh


   Skills:
 + Level 0.6 Fighting
 + Level 0.2 Short Blades
 + Level 1.4 Maces & Flails
 + Level 2.3 Dodging
 + Level 3.4 Stealth
 + Level 5.6 Spellcasting
 + Level 6.8 Ice Magic


You had 6 spell levels left.
You knew the following spells:

 Your Spells              Type           Power        Failure   Level  Hunger
a - Freeze                Ice            ####         1%          1    None
b - Frozen Ramparts       Ice            ####..       2%          3    ##.....
c - Hailstorm             Conj/Ice       ###.....     32%         4    ####...
d - Ozocubu's Armour      Chrm/Ice       ###.....     10%         3    ##.....

Your spell library contained the following spells:

 Spells                   Type           Power        Failure   Level  Hunger
 Beastly Appendage        Tmut           #.....       14%         1    None
 Sticks to Snakes         Tmut           #.......     21%         2    #......
 Ice Form                 Ice/Tmut       ###.....     32%         4    ####...
 Summon Ice Beast         Ice/Summ       ###.....     32%         4    ####...
 Spider Form              Tmut/Pois      #.........   38%         3    ##.....
 Blade Hands              Tmut           #.........   98%         5    ######.


Dungeon Overview and Level Annotations

Branches:
Dungeon (6/15)             Temple (1/1) D:6

Altars:
Ashenzari
Cheibriados
Elyvilon
Gozag
Nemelex Xobeh
Okawaru
Qazlal
Sif Muna
Trog
Vehumet
Wu Jian
Zin
The Shining One


Innate Abilities, Weirdness & Mutations

You can breathe bolts of dispelling energy.
Your rich purple scales are hard. (AC +6)
You cannot fit into any form of body armour.
You are cold-blooded and may be slowed by cold attacks.


Message History

The sky beast hits you but does no damage.
Casting: Freeze (safe; 1% risk of failure)
Confirm with . or Enter, or press ? or * to list all spells.
Aiming: Freeze (safe; 1% risk of failure)
Press: ? - help, Shift-Dir - straight line, f/p - sky beast
Aim: a sky beast (severely wounded)
You freeze the sky beast.
The sky beast is almost dead.
The sky beast barely misses you.
Casting: Freeze (safe; 1% risk of failure)
Confirm with . or Enter, or press ? or * to list all spells.
Aiming: Freeze (safe; 1% risk of failure)
Press: ? - help, Shift-Dir - straight line, f/p - sky beast
Aim: a sky beast (almost dead)
You freeze the sky beast.
The sky beast is almost dead.
The sky beast hits you.
* * * LOW HITPOINT WARNING * * *
The sky beast shocks you.
You die...

........###..######......# #.#
......##......#.....##.### #.#
...................###...# #.#
....###.......####...###.###.##
....# ##....#.# ###...#...#..#
.#..###.....#.# ###.....[.<#
##..........#.# ######.###
.<(...........###### #....#
.#.............(@Y.# #.....#
.#...........#.###.###.......
........###.........##.......
.###....รท.#..................#
........#..##.##.###..........
..............##..#..........#
[........)..........##......
(###.######.##....### ......
... #...##..# .<...


You could see a sky beast.

Vanquished Creatures
  Sigmund (D:3)
  A centaur (D:5)
  3 jellies (D:5)
  2 orc priests (D:3)
  5 orc wizards
  Jessica (D:3)
  2 worker ants (D:5)
  Robin (D:2)
  4 adders
  2 oozes
  An adder skeleton (D:5)
  2 worms
  A dart slug (D:1)
  A leopard gecko (D:4)
  12 orcs
  2 ball pythons
  4 bats
  5 giant cockroaches
  18 goblins
  10 hobgoblins
  9 jackals
  2 kobolds
  3 quokkas
  2 frilled lizards
  3 rats
97 creatures vanquished.

Notes
Turn   | Place    | Note
-------+----------+-------------------------------------------
     0 | D:1      | Doot the Draconian Ice Elementalist began the quest for the
                  | Orb.
     0 | D:1      | Reached XP level 1. HP: 14/14 MP: 3/3
   225 | D:1      | Reached XP level 2. HP: 17/20 MP: 1/5
  1086 | D:1      | Reached XP level 3. HP: 25/26 MP: 3/6
  1493 | D:2      | Learned a level 3 spell: Frozen Ramparts
  1583 | D:2      | Noticed Robin
  1791 | D:2      | Killed Robin
  1791 | D:2      | Reached skill level 5 in Ice Magic
  1819 | D:2      | Reached XP level 4. HP: 28/33 MP: 1/8
  2527 | D:2      | Learned a level 4 spell: Hailstorm
  2816 | D:3      | Noticed Sigmund
  2829 | D:3      | Killed Sigmund
  2829 | D:3      | Reached XP level 5. HP: 38/39 MP: 5/10
  2971 | D:3      | Noticed Jessica
  2981 | D:3      | Killed Jessica
  2981 | D:3      | Reached skill level 1 in Maces & Flails
  2981 | D:3      | Reached XP level 6. HP: 41/46 MP: 8/11
  3609 | D:3      | Found a radiant altar of Vehumet.
  3932 | D:4      | Reached skill level 6 in Ice Magic
  4015 | D:4      | Learned a level 3 spell: Ozocubu's Armour
  4032 | D:4      | Noticed a slave
  4201 | D:4      | Your scales start taking on a rich purple colour.
  4201 | D:4      | Reached skill level 5 in Spellcasting
  4201 | D:4      | Reached XP level 7. HP: 51/51 MP: 10/14
  4481 | D:5      | Entered Level 5 of the Dungeon
  4730 | D:6      | Found a staircase to the Ecumenical Temple.
  4739 | Temple   | Entered the Ecumenical Temple
  4793 | Temple   | Became a worshipper of Sif Muna the Loreminder
  4990 | D:5      | Slain by a sky beast

Illustrated notes

Levels and vault maps discovered:
D:1:      tarquinn_simple_flora_water_a, layout_basic
D:2:      layout_loops_ring, minmay_misc_feat_chi, minmay_hedge_maze, uniq_robin
D:3:      layout_loops_ring, overflow_temple_1_default, serial_rivers,
          chequers_serial_rivers_small_b, chequers_serial_rivers_micro_b,
          chequers_serial_rivers_micro_c, chequers_serial_rivers_room_b,
          chequers_serial_rivers_micro_d, uniq_jessica, uniq_sigmund
D:4:      layout_basic, first_ration, uniq_pikel, uniq_natasha
D:5:      layout_rooms, gammafunk_temple_overflow_statue,
          lightli_church_of_beogh, uniq_grinder
D:6:      layout_basic, lemuel_coloured_pillars_altar,
          minmay_temple_entry_stoned_glass
Temple:   nicolae_temple_great_sept

Skill      XL: |  1  2  3  4  5  6  7 |
---------------+----------------------+-----
Ice Magic      | 5 6 |  6.8
Spellcasting   | 3 5 |  5.6
Stealth        | 2 3 |  3.4
Dodging        | 2 |  2.3
Maces & Flails | 1 |  1.4
Fighting       | |  0.6
Short Blades   | |  0.2

Action                   |  1- 3 |  4- 6 |  7- 9 || total
-------------------------+-------+-------+-------++-------
Melee: Unarmed           |    10 |       |       ||    10
       Tailslap          |     3 |     3 |     1 ||     7
       Mace              |     9 |    18 |       ||    27
       Dagger            |       |       |    28 ||    28
 Cast: Freeze            |    57 |    78 |    30 ||   165
       Ozocubu's Armour  |       |       |     1 ||     1
 Abil: Breathe Dispellin |       |       |     7 ||     7
Evoke: Wand              |       |     1 |       ||     1
  Use: Scroll            |       |       |     1 ||     1
 Stab: Paralysed         |       |     7 |       ||     7
       Sleeping          |       |     1 |     3 ||     4
  Eat: Chunk             |     3 |     8 |     4 ||    15
Armor: Skin              |    26 |    13 |    21 ||    60
Dodge: Dodged            |    49 |    31 |    36 ||   116
